 Dungeon Crawl Stone Soup version 0.21-a0-536-gdbbf329 (webtiles) character file.

130 slep the Chopper (level 5, -1/26 HPs)
             Began as a Vine Stalker Gladiator on Dec 14, 2017.
             Slain by a gnoll
             ... wielding a +0 flail
              (6 damage)
             ... on level 2 of the Dungeon.
             The game lasted 00:04:45 (1403 turns).

slep the Chopper (Vine Stalker Gladiator)           Turns: 1403, Time: 00:04:46

Health: -1/26      AC:  5    Str: 17    XL:     5   Next: 14%
Magic:  0/6        EV: 13    Int:  8    God:
Gold:   60         SH:  0    Dex: 16    Spells: 4/4 levels left

rFire    . . .     SeeInvis .   a - +0 war axe
rCold    . . .     Gourm    .   (no shield)
rNeg     . . .     Faith    .   b - +0 leather armour
rPois    .         Spirit   +   c - +0 helmet
rElec    .         Reflect  .   (no cloak)
rCorr    .         Harm     .   (no gloves)
MR       .....                  l - +0 pair of boots
Stlth    ..........             j - amulet of rage
HPRegen  0.48/turn              p - ring of loudness (curse)
MPRegen  0.10/turn              (no ring)

@: no status effects
A: fangs 2, regeneration 1, magic shield, antimagic bite, no potion heal 3, rot
immunity
a: Evoke Berserk Rage


You were on level 2 of the Dungeon.
You were not hungry.

You visited 1 branch of the dungeon, and saw 3 of its levels.

You collected 60 gold pieces.

Inventory:

Hand Weapons
 a - a +0 war axe (weapon)
Missiles
 d - 3 throwing nets (quivered)
Armour
 b - a +0 leather armour (worn)
 c - a +0 helmet (worn)
 l - a +0 pair of boots (worn)
Jewellery
 j - an amulet of rage (around neck)
 p - a cursed ring of loudness (left hand)
Scrolls
 e - a scroll of blinking {unknown}
 g - a scroll of identify {unknown}
 h - 2 scrolls of teleportation {unknown}
 i - 2 scrolls of random uselessness {unknown}
 m - 2 scrolls of remove curse {unknown}
 n - 3 scrolls of enchant armour {unknown}
Comestibles
 f - 3 bread rations
 k - 4 fruits


   Skills:
 + Level 2.3 Fighting
 + Level 4.1 Axes
 + Level 1.8 Throwing
 + Level 0.7 Armour
 + Level 3.1 Dodging
 + Level 0.5 Stealth


You had 4 spell levels left.
You didn't know any spells.

Dungeon Overview and Level Annotations

Branches:
Dungeon (3/15)

Altars:

Annotations:
D:3 Golfball's ghost, amateur MiFi


Innate Abilities, Weirdness & Mutations

You have extremely sharp teeth.
Your natural rate of healing is unusually fast.
When hurt, damage is shared between your health and your magic reserves.
Your bite disrupts and absorbs the magic of your enemies.
Potions cannot restore your health.
You are immune to rotting.


Message History

All of the chunks of flesh in your inventory have rotted away.
There is a stone staircase leading up here.
You see here a stone.
You climb upwards.
The gnoll shouts!
You hear a shout!
There is a stone staircase leading down here.
You barely miss the gnoll. Your bite misses the gnoll.
The gnoll hits you with a flail!
You closely miss the gnoll. The gnoll barely misses you.
You closely miss the gnoll. The gnoll hits you with a flail.
You barely miss the gnoll. Your bite misses the gnoll.
The gnoll hits you with a flail. The gnoll hits you with a flail!
* * * LOW HITPOINT WARNING * * *
You hit the gnoll but do no damage. Your bite misses the gnoll.
The gnoll closely misses you.
It was a potion of curing.
That felt strangely inert.
You aren't carrying any potions.
You hit the gnoll but do no damage. Your bite misses the gnoll.
The gnoll hits you with a flail!
You die...

#.......................#
#.#####################.#
#.# #.# #.# ###### #.#
..# #....# #.#
######....#############.#
.........†'.............#
######....###############
...........ggg@#
...########.#### ## #....
#...g.. #........
.....%... ..........
..........


You could see 3 gnolls.

Vanquished Creatures
  An orc wizard (D:3)
  4 adders
  A worm (D:3)
  3 dart slugs (D:1)
  2 leopard geckos (D:1)
  6 orcs (D:3)
  2 giant cockroaches
  4 hobgoblins
  5 jackals
  3 ball pythons
  6 bats
  2 frilled lizards
  3 goblins
  4 kobolds
  A rat (D:2)
47 creatures vanquished.

Notes
Turn   | Place    | Note
-------+----------+-------------------------------------------
     0 | D:1      | slep the Vine Stalker Gladiator began the quest for the Orb.
     0 | D:1      | Reached XP level 1. HP: 11/11 MP: 2/2
    88 | D:1      | Reached XP level 2. HP: 15/15 MP: 1/3
   239 | D:1      | Reached skill level 3 in Axes
   550 | D:1      | Reached XP level 3. HP: 17/18 MP: 4/4
   885 | D:3      | Gained mutation: Your natural rate of healing is unusually fast. [Vine Stalker growth]
   885 | D:3      | Reached XP level 4. HP: 13/23 MP: 2/5
  1148 | D:3      | Reached skill level 4 in Axes
  1247 | D:3      | Reached XP level 5. HP: 23/26 MP: 4/6
  1352 | D:3      | Noticed Golfball's ghost (amateur MiFi)
  1403 | D:2      | Slain by a gnoll

Vault maps used:
D:1:      minmay_arrival_cross, minmay_domino_2
D:2:      old_standard_altar, overflow_temple_1_default

Skill      XL: |  1  2  3  4 |
---------------+-------------+-----
Axes           | 3 4 |  4.1
Dodging        | 3 |  3.1
Fighting       | 2 |  2.3
Throwing       | |  1.8
Armour         | |  0.7
Stealth        | |  0.5

Action                   |  1- 3 |  4- 6 || total
-------------------------+-------+-------++-------
Melee: War axe           |    84 |    67 ||   151
       Bite              |    18 |    14 ||    32
  Use: Potion            |       |     1 ||     1
  Eat: Chunk             |       |     2 ||     2
Armor: Leather armour    |    29 |    31 ||    60
Dodge: Dodged            |    79 |    55 ||   134

Table legend:
 A = Spawn XP
 B = Non-spawn XP
 C = Spawn XP percentage of total XP
 D = Spawn monster count
 E = Non-spawn monster count
 F = Spawn count percentage of total count
 G = Total turns spent on level
                    A         B        C        D         E        F      G
               +---------+---------+-------+---------+---------+-------+---------
         Total |       0 |     187 |   0.0 |       0 |      47 |   0.0 |  1403
               +---------+---------+-------+---------+---------+-------+---------
           D:1 |       0 |      43 |   0.0 |       0 |      20 |   0.0 |   647
           D:2 |       0 |      17 |   0.0 |       0 |       3 |   0.0 |   149
           D:3 |       0 |     127 |   0.0 |       0 |      24 |   0.0 |   607
               +---------+---------+-------+---------+---------+-------+---------
